 Dungeon Crawl Stone Soup version 0.26-a0-651-gb41185065b (webtiles) character file.

Game seed: 13037634559653643856

31 Mesmaeker13 the Grave Robber (level 3, 0/28 HPs)
             Began as a Deep Dwarf Necromancer on Oct 7, 2020.
             Slain by a worm (8 damage)
             ... on level 2 of the Dungeon.
             The game lasted 00:02:18 (1414 turns).

Mesmaeker13 the Grave Robber (DDNe)                 Turns: 1414, Time: 00:02:18

Health: 0/28       AC:  2    Str: 11    XL:     3   Next: 7%
Magic:  2/5        EV: 13    Int: 16    God:
Gold:   71         SH:  0    Dex: 13    Spells: 4/6 levels left

rFire    . . .     SeeInvis .   h - -3 hand axe (curse)
rCold    . . .     Faith    .   (no shield)
rNeg     . . .     Spirit   .   a - +0 robe
rPois    .         Reflect  .   (no helmet)
rElec    .         Harm     .   (no cloak)
rCorr    .         Rampage  .   (no gloves)
MR       .....                  (no boots)
Stlth    +.........             (no amulet)
HPRegen  0.00/turn              c - ring of attention (curse)
MPRegen  0.09/turn              (no ring)

@: non-regenerating
A: damage resistance, heal wounds, sense surroundings 1, no regeneration
a: Heal Wounds


You were on level 2 of the Dungeon.
You visited 1 branch of the dungeon, and saw 2 of its levels.

You collected 71 gold pieces.

Inventory:

Hand Weapons
 b - a +0 dagger
 e - a +1 falchion of venom
 h - a cursed -3 hand axe (weapon)
Armour
 a - a +0 robe (worn)
Jewellery
 c - a cursed ring of attention (left hand)
Scrolls
 d - a scroll of teleportation {unknown}
Potions
 g - a potion of flight


   Skills:
 + Level 2.9 Dodging
 - Level 2.4 Stealth
 + Level 2.2 Spellcasting
 + Level 4.8 Necromancy


You had 4 spell levels left.
You knew the following spells:

 Your Spells              Type           Power        Failure   Level
a - Pain                  Necr           ###.         2%          1
b - Animate Skeleton      Necr           ###...       2%          1

Your spell library contained the following spells:

 Spells                   Type           Power        Failure   Level
 Vampiric Draining        Necr           ###.......   9%          3
 Animate Dead             Necr           ###.......   28%         4
 Agony                    Necr           ###.....     61%         5


Dungeon Overview and Level Annotations

Branches:
Dungeon (2/15)

Altars:
Okawaru


Innate Abilities, Weirdness & Mutations

You are resistant to damage.
You can heal yourself by infusing magical energy.
You passively map a small area around you.
You do not regenerate.


Message History

The worm is moderately wounded.
You hit the worm but do no damage.
The worm is moderately wounded.
The worm bites you.
You hit the worm.
The worm is heavily wounded.
The worm bites you!
* * * LOW HITPOINT WARNING * * *
You barely miss the worm.
The worm is heavily wounded.
The worm misses you.
You hit the worm but do no damage.
The worm is moderately wounded.
The worm closely misses you.
You hit the worm but do no damage.
The worm is moderately wounded.
You hit the worm but do no damage.
The worm is moderately wounded.
The worm bites you!
You die...

* ..... #.# *
.....# #.#
....l.##### #.#
#..... ...# #.# , ,
,
*#....###.######.#
#.#...........# *
#.#.##.######.#
###.#..†##.# #.# *
, .......@##.#
####.# * * *
.......w##.###....#
, *
###.##..##.##.###.#
*, * , #.
#.>##.##.#...# * #
*#..##.##.#.#.# ,
,, ,......###....#
*,* #...######.#.#
, ,, ,
.............#_, ,
*, * ........#.##


You could see a worm.

Vanquished Creatures
  An ooze (D:1)
  4 goblins (D:1)
  6 hobgoblins (D:1)
  3 jackals (D:1)
  6 kobolds (D:1)
  3 frilled lizards
  2 rats (D:1)
25 creatures vanquished.

Notes
Turn   | Place    | Note
-------+----------+-------------------------------------------
     0 | D:1      | Mesmaeker13 the Deep Dwarf Necromancer began the quest for
                  | the Orb.
     0 | D:1      | Reached XP level 1. HP: 15/15 MP: 3/3
   506 | D:1      | Reached XP level 2. HP: 7/22 MP: 0/5
   546 | D:1      | Learned a level 1 spell: Animate Skeleton
   664 | D:1      | Found an iron altar of Okawaru.
  1130 | D:1      | Reached XP level 3. HP: 28/28 MP: 1/5
  1414 | D:2      | Slain by a worm

Illustrated notes

Levels and vault maps discovered:
D:1:      roderic_octagonal_star, layout_loops_ring, st_stairs_14,
          okawaru_ov_weapons_minmay
D:2:      layout_loops_ring, makhleb_blood_cavern_becter, minitemple,
          nemelex_xobeh_ov_fountains_minmay

Skill      XL: |  1 |
---------------+----+-----
Spellcasting   | 2 |  2.2
Dodging        | |  2.9
Stealth        | |  2.4
Necromancy     | |  4.8

Action                   || total
-------------------------++-------
Melee: Dagger            ||     9
       Falchion          ||     7
       Hand axe          ||    16
 Cast: Pain              ||    42
       Animate Skeleton  ||     1
 Abil: Heal Wounds       ||     1
  Use: Scroll            ||     3
 Stab: Sleeping          ||     1
Armor: Robe              ||     2
Dodge: Dodged            ||    26
       Rpst.: Falchion   ||     1

Table legend: (Time is in decaauts)
 A = Elapsed time spent in this place.
 B = Non-inter-level travel time spent in this place.
 C = Inter-level travel time spent in this place.
 D = Time resting spent in this place.
 E = Time spent auto-exploring this place.
 F = Levels seen in this place.
 G = Mean time per level.
                   A        B        C        D        E       F      G
               +--------+--------+--------+--------+--------+-----+--------+
         Total |   1418 |   1382 |     36 |    460 |    725 |   2 |  709.0 |
       Dungeon |   1418 |   1382 |     36 |    460 |    725 |   2 |  709.0 |
               +--------+--------+--------+--------+--------+-----+--------+

Top non-repeatable levels by time:
     D:1: 1363 daAuts
     D:2: 55 daAuts
